 Dungeon Crawl Stone Soup version 0.22.1-6-g1668fe2c40 (webtiles) character file.

1886 LabCoat the Cudgeler (level 9, 0/65 HPs)
             Began as a Human Fighter on Jan 20, 2019.
             Was an Initiate of Makhleb.
             Slain by an orc warrior
             ... wielding a +0 dire flail
              (7 damage)
             ... on level 7 of the Dungeon.
             The game lasted 00:42:51 (6646 turns).

LabCoat the Cudgeler (Human Fighter)                Turns: 6646, Time: 00:42:52

Health: 0/65       AC: 16    Str: 17    XL:     9   Next: 37%
Magic:  0/9        EV:  4    Int: 10    God:    Makhleb [......]
Gold:   336        SH: 10    Dex: 14    Spells: 8/8 levels left

rFire    + . .     SeeInvis .   C - +1 morningstar (holy)
rCold    . . .     Gourm    .   c - +1 shield
rNeg     . . .     Faith    .   y - +1 plate armour
rPois    +         Spirit   +   l - +0 helmet
rElec    .         Reflect  .   t - scarf {Spirit}
rCorr    .         Harm     .   w - +1 pair of gloves
MR       +....                  (no boots)
Stlth    ..........             (no amulet)
HPRegen  0.20/turn              g - ring of protection from fire
MPRegen  0.11/turn              k - ring of protection from magic

@: drained
A: low mp 1, poison resistance, screaming 1, MP-powered wands
a: Renounce Religion


You were on level 7 of the Dungeon.
You worshipped Makhleb.
Makhleb was noncommittal.
You were hungry.

You visited 1 branch of the dungeon, and saw 7 of its levels.

You collected 336 gold pieces.

Inventory:

Hand Weapons
 b - a +1 flail of protection
 m - a +0 blowgun
 p - a +0 hunting sling
 q - a +0 longbow
 A - a +0 hand crossbow
 C - a +1 morningstar of holy wrath (weapon)
Missiles
 a - 15 poisoned needles
 e - 124 arrows
 j - 43 bolts
 r - 15 sling bullets
Armour
 c - a +1 shield (worn)
 l - a +0 helmet (worn)
 t - a scarf of spirit shield (worn)
 w - a +1 pair of gloves (worn)
 y - a +1 plate armour (worn)
Jewellery
 g - a ring of protection from fire (left hand)
 k - a ring of protection from magic (right hand)
 x - an uncursed amulet of guardian spirit {unknown}
Wands
 i - a wand of polymorph (16)
 n - a wand of flame (17)
 s - a wand of random effects (31)
Scrolls
 v - a scroll of fog
 E - a scroll of amnesia
Potions
 d - a potion of might
 u - a potion of magic {unknown}
 D - a potion of cancellation {unknown}
Comestibles
 f - 8 rations
 z - 6 chunks of flesh


   Skills:
 + Level 4.1(3.7) Fighting
 - Level 7.5(6.9) Maces & Flails
 * Level 2.3(2.6) Slings
 + Level 1.6(1.1) Bows
 + Level 0.9(0.5) Crossbows
 - Level 3.1(3.0) Throwing
 + Level 4.6(4.1) Armour
 + Level 2.8(2.3) Dodging
 + Level 0.2(0.0) Stealth
 + Level 5.3(4.8) Shields
 * Level 2.1(1.6) Invocations


You had 8 spell levels left.
You didn't know any spells.
Your spell library contained the following spells:

 Spells                   Type           Power        Failure   Level  Hunger
 Beastly Appendage        Tmut           #.....       100%        1    ##.....
 Sticks to Snakes         Tmut           #.......     100%        2    ###....
 Spider Form              Tmut/Pois      #.........   100%        3    ####...
 Ice Form                 Ice/Tmut       #.......     100%        4    #####..
 Blade Hands              Tmut           #.........   100%        5    ######.


Dungeon Overview and Level Annotations

Branches:
Dungeon (7/15)             Temple (0/1) D:6

Altars:
Cheibriados
Fedhas
Kikubaaqudgha
Makhleb
Qazlal
Uskayaw
The Shining One


Innate Abilities, Weirdness & Mutations

Your magical capacity is low. (-10% MP)
Your system is resistant to poisons. (rPois)
You occasionally shout uncontrollably at your foes.
You expend magic power (3 MP) to strengthen your wands.


Message History

Firing (i - inventory) No suitable missiles.
Press: ? - help, Shift-Dir - straight line, f - orc warrior
Aim: an orc warrior, wielding a dire flail and wearing a chain mail (severely
Okay, then.
Things that are here:
a dagger; a robe A gnoll comes into view.
The gnoll shouts!
You found a shaft!
The orc warrior hits you but does no damage.
You sock the orc!
You kill the orc!
Makhleb accepts your kill. The orc warrior barely misses you.
You block the gnoll's attack. The gnoll hits you but does no damage.
The orc warrior hits you with a dire flail.
* * * LOW HITPOINT WARNING * * *
The gnoll hits you but does no damage.
The orc warrior hits you with a dire flail!
You die...

*,,*** ,,,,,* ,,,,,* ********
**,,,* *,,,,,,, ***,,* *,,,,,,,
**,,,* *,,,,,,, ,,,,,* ###
**,,,,,,, ,,,,,* #######
###.######...,,.,,
*,,.####.....###@g....^.....,..,,
*,,.........<...oo...#####,,.(.,,
,,,,........)###.g..#..# *,....,,
,,,,####....).)).)#....###.....,,
,,,,*###....)####.#<).#))...#,,*,
,,,,*#......g.###†##...)#####.,,,
*****#.#...##o.##)##...........,,
* **#.,#.#...oo.......(>.....#.,,
* *,.,*#.##.....g......(.......,,


You could see an orc warrior, 2 gnolls and an orc.

Vanquished Creatures
  Menkaure (D:4)
  A phantom (D:6)
  An ogre (D:5)
  A centaur (D:6)
  A bullfrog (D:6)
  A big kobold (D:7)
  2 scorpions
  3 wights (D:7)
  2 howler monkeys
  4 crimson imps
  A jelly (D:6)
  4 orc priests
  3 hounds
  7 orc wizards
  A bullfrog skeleton (D:7)
  Jessica (D:2)
  An iguana (D:4)
  Ijyb (D:4)
  3 worker ants
  2 hound zombies
  A hound skeleton (D:4)
  A howler monkey skeleton (D:4)
  10 adders
  A gnoll (D:7)
  2 shadow imps
  An ooze (D:3)
  An adder zombie (D:5)
  An adder skeleton (D:6)
  2 worms (D:3)
  A dart slug (D:1)
  4 leopard geckos
  35 orcs
  4 giant cockroaches
  6 goblins
  12 hobgoblins
  8 jackals
  3 quokkas
  9 bats
  12 frilled lizards
  12 kobolds
  A quokka zombie (D:5)
  5 rats
173 creatures vanquished.

Vanquished Creatures (others)
  A fungus (D:2)
1 creature vanquished.

Grand Total: 174 creatures vanquished

Notes
Turn   | Place    | Note
-------+----------+-------------------------------------------
     0 | D:1      | LabCoat the Human Fighter began the quest for the Orb.
     0 | D:1      | Reached XP level 1. HP: 18/18 MP: 1/1
    72 | D:1      | Gained mutation: You are agile. (Dex +2) [potion of
                  | mutation]
    72 | D:1      | Gained mutation: You have a pair of small horns on your
                  | head. [potion of mutation]
   126 | D:1      | Reached XP level 2. HP: 24/24 MP: 2/2
   294 | D:1      | Reached XP level 3. HP: 25/29 MP: 3/3
   527 | D:1      | Lost mutation: You are agile. (Dex +2) [potion of mutation]
   527 | D:1      | Lost mutation: You have a pair of small horns on your head.
                  | [potion of mutation]
   527 | D:1      | Gained mutation: You occasionally shout uncontrollably at
                  | your foes. [potion of mutation]
   527 | D:1      | Gained mutation: Your magical capacity is low. (-10% MP)
                  | [potion of mutation]
   527 | D:1      | Gained mutation: Your system is resistant to poisons.
                  | (rPois) [potion of mutation]
   527 | D:1      | Gained mutation: You expend magic power (3 MP) to
                  | strengthen your wands. [potion of mutation]
   719 | D:2      | Found a faded altar of an unknown god.
   737 | D:2      | Noticed Jessica
   754 | D:2      | Killed Jessica
   754 | D:2      | Reached skill level 3 in Maces & Flails
   754 | D:2      | Reached XP level 4. HP: 33/35 MP: 3/3
   871 | D:2      | Found a blossoming altar of Fedhas.
  1115 | D:2      | Reached XP level 5. HP: 19/41 MP: 4/4
  1841 | D:2      | Found an ancient bone altar of Kikubaaqudgha.
  2048 | D:3      | Reached skill level 4 in Maces & Flails
  2359 | D:3      | Reached XP level 6. HP: 18/47 MP: 5/5
  2786 | D:3      | Reached skill level 1 in Dodging
  3266 | D:4      | Noticed Menkaure
  3274 | D:4      | Killed Menkaure
  3274 | D:4      | Reached skill level 5 in Maces & Flails
  3274 | D:4      | Reached skill level 1 in Throwing
  3274 | D:4      | Reached XP level 7. HP: 51/52 MP: 6/6
  3715 | D:4      | Noticed Ijyb
  3742 | D:4      | Killed Ijyb
  4211 | D:4      | Reached XP level 8. HP: 25/59 MP: 7/7
  4940 | D:5      | Entered Level 5 of the Dungeon
  4963 | D:5      | Reached skill level 6 in Maces & Flails
  5328 | D:5      | Reached skill level 1 in Bows
  5531 | D:5      | Found a glowing golden altar of the Shining One.
  5534 | D:5      | Found a hide-covered altar of Uskayaw.
  5535 | D:5      | Found a snail-covered altar of Cheibriados.
  5551 | D:5      | Found a stormy altar of Qazlal.
  5704 | D:6      | Reached skill level 7 in Maces & Flails
  5899 | D:6      | Reached skill level 1 in Slings
  5919 | D:6      | Found a burning altar of Makhleb.
  5996 | D:6      | Reached XP level 9. HP: 62/65 MP: 8/8
  6105 | D:6      | Became a worshipper of Makhleb the Destroyer
  6130 | D:6      | Reached skill level 5 in Shields
  6390 | D:6      | Found a staircase to the Ecumenical Temple.
  6461 | D:7      | Reached skill level 1 in Invocations
  6646 | D:7      | Slain by an orc warrior

Skill      XL: |  1  2  3  4  5  6  7  8  9 |
---------------+----------------------------+-----
Maces & Flails | 3 4 5 7 |  7.5
Dodging        | 1 2 |  2.8
Throwing       | 1 2 3 |  3.1
Armour         | 4 |  4.6
Shields        | 4 5 |  5.3
Bows           | 1 |  1.6
Slings         | 1 2 |  2.3
Invocations    | 2 |  2.1
Fighting       | 4 |  4.1
Crossbows      | |  0.9
Stealth        | |  0.2

Action                   |  1- 3 |  4- 6 |  7- 9 || total
-------------------------+-------+-------+-------++-------
Melee: Flail             |    92 |   254 |   293 ||   639
       Headbutt          |     4 |       |       ||     4
       Morningstar       |       |       |    82 ||    82
 Fire: Hunting sling     |       |       |     4 ||     4
Throw: Javelin           |       |    18 |    39 ||    57
  Use: Potion            |     4 |     1 |     5 ||    10
       Scroll            |     2 |     3 |     9 ||    14
  Eat: Chunk             |       |     5 |     4 ||     9
       Ration            |       |     1 |     2 ||     3
Armor: Scale mail        |    56 |   111 |    36 ||   203
       Chain mail        |       |       |    40 ||    40
       Plate armour      |       |       |   155 ||   155
Dodge: Dodged            |    34 |    66 |    67 ||   167
Block: Shield            |    48 |   145 |   255 ||   448
